 Dungeon Crawl Stone Soup version 0.28-a0-969-g2dcde036d2 (webtiles) character file.

Game seed: 8648968400543476208

203113 GadreelV2 the Executioner (level 17, -16/160 HPs)
             Began as a Minotaur Berserker on Dec 1, 2021.
             Was a High Priest of Trog.
             Demolished by an acid blob (26 damage)
             ... on level 2 of the Pits of Slime.
             The game lasted 01:37:55 (54926 turns).

GadreelV2 the Executioner (Minotaur Berserker)     Turns: 54926, Time: 01:37:56

Health: -16/160    AC: 16    Str: 35      XL:     17   Next: 97%
Magic:  0/16       EV: 13    Int:  3 (4)  God:    Trog [*****.]
Gold:   2459       SH:  0    Dex: 10 (11) Spells: 16/16 levels left

rFire   + + +      SeeInvis .   I - +7 executioner's axe of the Sky {flame, rF++}
rCold   + . .      Faith    .   (shield currently unavailable)
rNeg    . . .      Spirit   +   N - +1 plate armour {rPois}
rPois   +          Reflect  .   (helmet restricted)
rElec   +          Harm     .   q - +2 cloak {rPois}
rCorr   +          Rampage  .   F - +1 pair of gloves {infuse}
Will    +....                   R - +0 pair of boots
Stlth   ..........              i - amulet of guardian spirit
HPRegen 0.36/turn               O - ring of Dishonesty {Str+6 Slay+2}
MPRegen 0.15/turn               c - ring of resist corrosion

@: confused, mighty, resistant, corroded
A: horns 2, retaliatory headbutt, frail 1, screaming 1
}: 1/15 runes: gossamer
a: Renounce Religion, Berserk, Trog's Hand, Brothers in Arms


You were on level 2 of the Pits of Slime.
You worshipped Trog.
Trog was extremely pleased with you.
You visited 5 branches of the dungeon, and saw 29 of its levels.
You visited the Abyss 1 time.
You also visited: Ice Cave.

You collected 3863 gold pieces.
You spent 1404 gold pieces at shops.

Inventory:

Hand Weapons
 I - the +7 executioner's axe of the Sky (weapon) {flame, rF++}
   (Trog gifted it to you on level 2 of the Lair of Beasts)

   It burns those it strikes, dealing additional fire damage.
   Big, fiery blades are also staple armaments of hydra-hunters.
   rF:        It greatly protects you from fire.
 U - the +9 battleaxe of Namufayce {vorpal, *Corrode rC+ Will+++ Stlth-}
   (Trog gifted it to you on level 15 of the Dungeon)

   It inflicts extra damage upon your enemies.
   rC:        It protects you from cold.
   *Corrode:  It may corrode you when you take damage.
   Will:      It greatly increases your willpower.
   Stlth:     It makes you less stealthy.
Missiles
 z - a throwing net (quivered)
Armour
 q - a +2 cloak of poison resistance (worn)
 F - a +1 pair of gloves of infusion (worn)
 M - a +2 cloak of preservation
 N - a +1 plate armour of poison resistance (worn)
 Q - a +2 plate armour of cold resistance
 R - a +0 pair of boots (worn)
Jewellery
 c - a ring of resist corrosion (right hand)
 f - a ring of willpower
 i - an amulet of guardian spirit (around neck)
 o - a ring of flight
 t - a +6 ring of strength
 H - a ring of protection from cold
 J - the ring "Fuoxt" {Fly Str+3}
   (You found it on level 3 of the Spider Nest)

   [ring of flight]

   Str:       It affects your strength (+3).
   Fly:       It grants you flight.
 O - the ring of Dishonesty (left hand) {Str+6 Slay+2}
   (You acquired it on level 12 of the Dungeon)

   [ring of strength]

   Str:       It affects your strength (+6).
   Slay:      It affects your accuracy & damage with ranged weapons and melee
   (+2).
 P - a +4 ring of evasion
 X - a ring of protection from fire
Wands
 a - a wand of digging (6)
 b - a wand of charming (12)
 j - a wand of paralysis (4)
 l - a wand of polymorph (13)
 y - a wand of acid (5)
 A - a wand of flame (28)
 T - a wand of iceblast (4)
Scrolls
 n - 14 scrolls of teleportation
 u - 2 scrolls of summoning
 w - 5 scrolls of enchant weapon
 x - 4 scrolls of silence
 B - 5 scrolls of enchant armour
 E - 6 scrolls of blinking
 G - 2 scrolls of magic mapping
 K - a scroll of fear
 L - a scroll of acquirement
 S - 2 scrolls of holy word
 W - 3 scrolls of fog
Potions
 d - 16 potions of ambrosia
 e - 3 potions of berserk rage
 g - 9 potions of flight
 h - a potion of invisibility {unknown}
 p - 3 potions of resistance
 r - 6 potions of attraction
 s - 4 potions of heal wounds
 v - 7 potions of curing
 C - 5 potions of haste
 V - a potion of might
 Z - a potion of cancellation {unknown}
Miscellaneous
 k - a lightning rod (4/4)
 m - a condenser vane
 D - a phantom mirror
 Y - a phial of floods


   Skills:
 + Level 22.9 Fighting
 - Level 24.0 Axes
 + Level 0.1 Throwing
 + Level 19.3 Armour
 + Level 13.0 Dodging
 + Level 8.2 Evocations


You had 16 spell levels left.
You didn't know any spells.
Your spell library was empty.

Dungeon Overview and Level Annotations

Branches:
Dungeon (15/15)            Temple (0/1) D:7            Lair (6/6) D:10
 Shoals (0/4) Lair:4       Spider (4/4) Lair:2        Slime (1/5) Lair:5
    Orc (2/2) D:11            Elf (0/3) Orc:2        Vaults (0/5) D:13
 Depths (0/4) D:15          IceCv (visited)

Altars:
Hepliaklqana
Nemelex Xobeh
Qazlal
Trog
Beogh
Jiyva

Shops:
D:2 :   D:6 ?   D:12 ?   Orc:2 *(*[

Annotations:
D:14 1 runed translucent door


Innate Abilities, Weirdness & Mutations

You have a pair of horns on your head.
You reflexively headbutt those who attack you in melee.
You are frail. (-10% HP)
You occasionally shout uncontrollably at your foes.


Message History

The acid blob closely misses you.
You're too confused to move!
The golden eye blinks at you.
You easily resist.
The acid blob misses you. The large slime creature hits you!!
The acid blob spits acid at you. The splash of acid hits you! You resist.
The acid blob spits acid at you. The splash of acid hits you. You resist.
You chop the golden eye into pieces!!! You burn the golden eye.
You kill the golden eye!
Trog accepts your kill.
You closely miss the golden eye. You slice the shining eye!!
You burn the shining eye! You hit the acid blob but do no damage.
The acid corrodes you!
Your hands burn!
You slash the acid blob! You burn the acid blob.
Your hands burn!
You hit the large slime creature but do no damage.
You slice the acid blob!! You burn the acid blob!
Your hands burn!
The acid blob hits you but does no damage.
The acid blob hits you!
* * * LOW HITPOINT WARNING * * *
You are splashed with acid.
You resist.
* * * LOW HITPOINT WARNING * * *
The golden eye blinks at you.
You are more confused.
A large slime creature splits.
The acid blob completely misses you.
You feel very mighty all of a sudden. The golden eye blinks at you.
You resist with almost no effort.
Two slime creatures merge to form a large slime creature.
The acid blob hits you!
* * * LOW HITPOINT WARNING * * *
You are splashed with acid.
You resist.
* * * LOW HITPOINT WARNING * * *
The acid blob hits you!
* * * LOW HITPOINT WARNING * * *
You are splashed with acid.
You resist.
* * * LOW HITPOINT WARNING * * *
The acid blob hits you!!
You die...

........... .
....#.....#.#
..>.......#.##
.............#
............#
............## .
......JJG..#.#..
......G@JG#.....
......GJJ.......
.........G#.....
...............#
##.............#
###...........#
#.....#....##
##.#........#
#.##......#.


You could see 3 acid blobs, a large slime creature, a slime creature, 3 shining
eyes and 2 golden eyes.

Vanquished Creatures
  A tentacled starspawn (Abyss:1)
  Agnes (D:14)
  Donald (Spider:3)
  An azure jelly (IceCv)
  9 emperor scorpions
  3 ghost moths
  4 quicksilver oozes (IceCv)
  The ghost of hemabe71 the Covert, a journeyman HuAr of Trog (D:13)
  3 entropy weavers
  A spark wasp (Spider:3)
  A blizzard demon (Abyss:1)
  A fire dragon (D:14)
  8 vault guards (D:13)
  4 boulder beetles
  3 ogre magi
  9 hydras
  Erolcha (D:11)
  4 catoblepae
  6 centaur warriors
  11 death yaks
  18 two-headed ogres
  A tengu warrior (D:13)
  Nergalle (Lair:1)
  6 skeletal warriors
  A wretched star (Abyss:1)
  2 deep trolls (Orc:2)
  A flayed ghost (D:13)
  3 wizards
  15 ugly things
  25 orb spiders
  A deep elf pyromancer (D:14)
  A necromancer (D:15)
  A phantasmal warrior (D:13)
  An orb spider (shapeshifter) (D:14)
  42 wolf spiders
  2 orc sorcerers
  3 moths of wrath
  10 cyclopes
  7 manticores
  Maurice (D:11)
  A smoke demon (Abyss:1)
  9 elephants
  2 ice statues (IceCv)
  A guardian serpent (shapeshifter) (D:14)
  3 black mambas
  2 naga magi (D:15)
  8 torpor snails
  A gargoyle (D:6)
  16 cane toads
  9 komodo dragons
  6 rime drakes
  The ghost of paps the Covert, a novice OpDe (D:5)
  2 efreet
  An unseen horror (D:11)
  12 demonic crawlers
  An ancient zyme (Abyss:1)
  6 freezing wraiths
  3 entropy weaver simulacra (IceCv)
  A tengu conjurer (D:14)
  2 polar bears
  14 trolls
  4 meliai (Spider:2)
  A queen bee (Spider:2)
  10 hornets
  Prince Ribbit (Lair:1)
  41 jumping spiders
  30 slime creatures
  6 dream sheep (Lair:6)
  22 blink frogs
  37 tarantellas
  9 starcursed masses (Abyss:1)
  2 centaur simulacra (D:15)
  44 yaks
  59 redbacks
  2 wyverns (Lair:6)
  3 basilisks
  7 vampire mosquitoes
  3 steam dragons
  2 chaos spawn (Abyss:1)
  3 golden eyes (Slime:2)
  Menkaure (D:7)
  3 wargs
  2 large abominations (Abyss:1)
  A demonic crawler simulacrum (IceCv)
  Duvessa (D:4)
  2 acid dragons
  11 water moccasins
  21 orc warriors
  3 black bears
  The ghost of Gargoyl the Skirmisher, an amateur GnAK of Lugonu (D:4)
  An ice beast (D:4)
  2 sky beasts (D:6)
  A necrophage (D:5)
  2 ugly thing simulacra (IceCv)
  26 ogres
  8 wolves
  8 centaurs
  A phantom (D:6)
  A kobold brigand (D:10)
  A gnoll sergeant (Orc:1)
  20 bullfrogs
  7 glowing shapeshifter simulacra (IceCv)
  5 scorpions
  3 water moccasin zombies
  Dowan (D:3)
  24 killer bees
  3 howler monkeys
  A crimson imp (D:8)
  2 electric eels (Spider:3)
  6 centaur zombies
  A bullfrog zombie (D:5)
  A quasit (Abyss:1)
  4 hounds (D:6)
  2 jellies
  Crazy Yiuf (D:3)
  10 orc priests
  5 centaur skeletons
  A bullfrog skeleton (D:5)
  21 orc wizards
  5 iguanas
  A killer bee zombie (D:8)
  A howler monkey zombie (D:6)
  Robin (D:2)
  9 adders
  9 gnolls
  2 shadow imps
  3 white imps
  3 ufetubi
  3 dart slugs
  34 orcs
  7 ball pythons
  3 endoplasms
  A giant cockroach (D:3)
  13 goblins
  6 hobgoblins
  4 jackals (D:4)
  10 kobolds
  4 quokkas
  4 bats
  2 frilled lizards
  3 rats
  A starspawn tentacle (Abyss:1)
946 creatures vanquished.

Vanquished Creatures (collateral kills)
  A great orb of eyes (Abyss:1)
  A wretched star (Abyss:1)
  2 worldbinders (Abyss:1)
4 creatures vanquished.

Vanquished Creatures (others)
  A killer bee (Spider:2)
  An orc (Orc:1)
  22 fungi
  49 plants
  8 starspawn tentacles (Abyss:1)
81 creatures vanquished.

Grand Total: 1031 creatures vanquished

Notes
Turn   | Place    | Note
-------+----------+-------------------------------------------
     0 | D:1      | GadreelV2 the Minotaur Berserker began the quest for the
                  | Orb.
     0 | D:1      | Reached XP level 1. HP: 19/19 MP: 0/0
   161 | D:1      | Found a faded altar of an unknown god.
   369 | D:1      | Reached XP level 2. HP: 26/27 MP: 1/1
   430 | D:1      | Reached skill level 4 in Axes
  1139 | D:2      | Noticed Robin
  1147 | D:2      | Killed Robin
  1148 | D:2      | Reached XP level 3. HP: 19/33 MP: 2/2
  1514 | D:2      | Reached skill level 5 in Axes
  1750 | D:2      | Reached XP level 4. HP: 39/40 MP: 3/3
  1888 | D:2      | Found Siuk's Book Boutique.
  2204 | D:3      | Found a sparkling altar of Nemelex Xobeh.
  2340 | D:3      | Found a bloodstained altar of Trog.
  2348 | D:3      | Reached ** piety under Trog
  2745 | D:3      | Found a runed translucent door.
  2746 | D:3      | Noticed Crazy Yiuf
  2941 | D:3      | Killed Crazy Yiuf
  2942 | D:3      | Reached XP level 5. HP: 47/47 MP: 4/4
  3377 | D:3      | Reached skill level 6 in Axes
  3701 | D:4      | Noticed Duvessa
  3701 | D:4      | Noticed Dowan
  3878 | D:4      | Killed Duvessa
  3879 | D:4      | Reached skill level 5 in Fighting
  3879 | D:4      | Reached XP level 6. HP: 34/56 MP: 5/5
  3984 | D:3      | Killed Dowan
  4118 | D:4      | Reached skill level 7 in Axes
  4268 | D:4      | Found a runed translucent door.
  4271 | D:4      | Noticed Gargoyl's ghost (amateur GnAK)
  4271 | D:4      | Noticed an ice beast
  4351 | D:4      | Reached XP level 7. HP: 54/61 MP: 6/6
  4549 | D:4      | Killed Gargoyl's ghost
  4555 | D:4      | Reached skill level 8 in Axes
  4581 | D:5      | Entered Level 5 of the Dungeon
  4581 | D:5      | Found a runed translucent door.
  4590 | D:5      | Identified a scroll of acquirement
  4590 | D:5      | Acquired a manual of Axes
  4950 | D:5      | Noticed paps's ghost (novice OpDe)
  4974 | D:5      | Reached skill level 9 in Axes
  4974 | D:5      | Reached skill level 5 in Dodging
  5000 | D:5      | Reached skill level 10 in Axes
  5000 | D:5      | Reached XP level 8. HP: 35/70 MP: 7/7
  5479 | D:5      | Reached skill level 11 in Axes
  6210 | D:6      | Reached skill level 12 in Axes
  6736 | D:6      | Reached skill level 13 in Axes
  6933 | D:6      | Reached *** piety under Trog
  6937 | D:6      | Reached XP level 9. HP: 63/79 MP: 8/8
  7048 | D:6      | Noticed a gargoyle
  7069 | D:5      | Reached skill level 14 in Axes
  7223 | D:6      | Killed a gargoyle
  7297 | D:6      | Reached skill level 15 in Axes
  7449 | D:6      | Found Tiutey's Magic Scroll Boutique.
  7629 | D:7      | Noticed Menkaure
  7641 | D:6      | Reached skill level 16 in Axes
  8226 | D:7      | Killed Menkaure
  8439 | D:7      | Found a staircase to the Ecumenical Temple.
  8566 | D:7      | Reached skill level 17 in Axes
 10189 | D:8      | Reached XP level 10. HP: 88/88 MP: 9/9
 11125 | D:9      | Noticed a two-headed ogre
 11186 | D:9      | Killed a two-headed ogre
 11187 | D:9      | Reached skill level 18 in Axes
 11913 | D:10     | Entered Level 10 of the Dungeon
 11913 | D:10     | Noticed a green ugly thing
 11923 | D:10     | Killed a green ugly thing
 12385 | D:10     | Reached skill level 5 in Armour
 12481 | D:10     | Found a staircase to the Lair.
 13076 | D:11     | Noticed a manticore
 13084 | D:11     | Killed a manticore
 13148 | D:11     | Reached XP level 11. HP: 99/99 MP: 10/10
 13256 | D:11     | Noticed a two-headed ogre
 13275 | D:11     | Killed a two-headed ogre
 13276 | D:11     | Reached skill level 10 in Fighting
 14064 | D:11     | Found a staircase to the Orcish Mines.
 14451 | D:11     | Noticed Maurice
 14485 | D:11     | Killed Maurice
 14547 | D:11     | Found a stormy altar of Qazlal.
 14638 | D:11     | Reached skill level 19 in Axes
 15778 | D:12     | Noticed a two-headed ogre
 15789 | D:12     | Killed a two-headed ogre
 16481 | D:12     | Found Aqehom's Magic Scroll Boutique.
 16499 | D:12     | Reached XP level 12. HP: 43/110 MP: 11/11
 17037 | D:6      | Bought a scroll of acquirement for 572 gold pieces
 17037 | D:6      | Acquired 1041 gold pieces
 17226 | D:12     | Bought a scroll of acquirement for 832 gold pieces
 17226 | D:12     | Acquired the ring of Dishonesty {Str+6 Slay+2}
 17381 | D:12     | Noticed a two-headed ogre
 17388 | D:12     | Killed a two-headed ogre
 17639 | Orc:1    | Entered Level 1 of the Orcish Mines
 17770 | D:11     | Reached skill level 20 in Axes
 17802 | Orc:1    | Paralysed by an orc sorcerer for 3 turns
 17807 | D:11     | Reached **** piety under Trog
 17808 | D:11     | Reached skill level 10 in Armour
 18364 | Orc:1    | Noticed Erolcha
 18379 | Orc:1    | Paralysed by an orc sorcerer for 3 turns
 18389 | Orc:1    | Cast into level 1 of the Abyss (Erolcha)
 18412 | Abyss:1  | Noticed a starcursed mass
 18451 | Abyss:1  | Killed a starcursed mass
 18790 | Abyss:1  | Noticed a tentacled starspawn
 18790 | Abyss:1  | Noticed a blizzard demon
 18813 | Abyss:1  | Killed a blizzard demon
 18822 | Abyss:1  | Killed a tentacled starspawn
 18908 | Abyss:1  | Noticed a starcursed mass
 18943 | Abyss:1  | Noticed a great orb of eyes
 18948 | Abyss:1  | Killed a great orb of eyes
 18960 | Orc:1    | Escaped the Abyss
 19158 | D:11     | Killed Erolcha
 19831 | Orc:2    | Entered Level 2 of the Orcish Mines
 20110 | Orc:2    | Reached XP level 13. HP: 124/124 MP: 12/12
 20578 | Orc:2    | Reached ***** piety under Trog
 20743 | Orc:2    | Paralysed by an ogre mage for 3 turns
 20820 | Orc:2    | Reached skill level 15 in Fighting
 21424 | Orc:2    | Found Erireyt's Assorted Antiques.
 21425 | Orc:2    | Found Qomut's Weapon Shop.
 21425 | Orc:2    | Found a staircase to the Elven Halls.
 21430 | Orc:2    | Found Fossah's Assorted Antiques.
 21439 | Orc:2    | Found Safim's Antique Armour Boutique.
 21634 | Lair:1   | Entered Level 1 of the Lair of Beasts
 21656 | Lair:1   | Noticed Nergalle
 21669 | Lair:1   | Killed Nergalle
 21706 | Lair:1   | You fall into a shaft and drop 1 floor!
 21706 | Lair:2   | Found a hole to the Spider Nest.
 21879 | Lair:2   | Identified the +7 executioner's axe of the Sky {flame,
                  | rF++} (Trog gifted it to you on level 2 of the Lair of
                  | Beasts)
 21879 | Lair:2   | Received a gift from Trog
 22330 | Lair:1   | Noticed Prince Ribbit
 22338 | Lair:1   | Killed Prince Ribbit
 23596 | Lair:2   | Reached XP level 14. HP: 118/138 MP: 13/13
 23720 | Lair:3   | Reached skill level 15 in Armour
 23751 | Lair:3   | Acquired a manual of Fighting
 25683 | Lair:4   | Found a staircase to the Shoals.
 26009 | Lair:4   | Reached skill level 21 in Axes
 27690 | Lair:5   | Found a staircase to the Slime Pits.
 27690 | Lair:5   | Found a viscous altar of Jiyva.
 28273 | Lair:6   | Entered Level 6 of the Lair of Beasts
 28283 | Lair:6   | Found a frozen archway.
 28295 | IceCv    | Entered an ice cave
 28494 | IceCv    | Noticed a quicksilver ooze
 28498 | IceCv    | Killed a quicksilver ooze
 28656 | IceCv    | Noticed a quicksilver ooze
 28660 | IceCv    | Killed a quicksilver ooze
 28792 | IceCv    | Noticed a quicksilver ooze
 28795 | IceCv    | Killed a quicksilver ooze
 29162 | IceCv    | Received a gift from Trog
 29810 | IceCv    | Found a viscous altar of Jiyva.
 29810 | IceCv    | Noticed an azure jelly
 29816 | IceCv    | Killed an azure jelly
 29817 | IceCv    | Noticed a quicksilver ooze
 29919 | IceCv    | Killed a quicksilver ooze
 30535 | IceCv    | Identified the +1 leather armour of Ashenzari {Fly Int+3}
 30718 | IceCv    | Found a viscous altar of Jiyva.
 30903 | Lair:6   | Reached skill level 22 in Axes
 31102 | Lair:5   | Reached XP level 15. HP: 110/151 MP: 11/14
 33260 | Lair:6   | Reached ****** piety under Trog
 33841 | D:13     | Found a runed translucent gate.
 33841 | D:13     | Found a runed translucent gate.
 33841 | D:13     | Found a runed translucent gate.
 33842 | D:13     | Noticed hemabe71's ghost (journeyman HuAr)
 33879 | D:13     | Received a gift from Trog
 34213 | D:13     | Reached skill level 1 in Evocations
 34444 | D:13     | Reached skill level 23 in Axes
 34634 | D:13     | Found a gate to the Vaults.
 34875 | D:13     | Killed hemabe71's ghost
 35260 | D:5      | Killed paps's ghost
 36023 | D:14     | Found a runed translucent door.
 36444 | D:14     | Found a runed translucent door.
 37155 | D:14     | Reached XP level 16. HP: 165/165 MP: 12/15
 37196 | D:14     | Received a gift from Trog
 37336 | D:14     | Reached skill level 10 in Dodging
 37771 | D:14     | Found a runed translucent door.
 38185 | D:15     | Entered Level 15 of the Dungeon
 38692 | D:15     | Found a staircase to the Depths.
 39225 | D:15     | Noticed Agnes
 39239 | D:14     | Killed Agnes
 39667 | D:15     | Identified the +9 battleaxe of Namufayce {vorpal, *Corrode
                  | rC+ Will+++ Stlth-} (Trog gifted it to you on level 15 of
                  | the Dungeon)
 39667 | D:15     | Received a gift from Trog
 39829 | D:15     | Found a hazy altar of Hepliaklqana.
 40337 | Spider:1 | Entered Level 1 of the Spider Nest
 40633 | Spider:1 | Reached skill level 5 in Evocations
 44674 | Spider:2 | Received a gift from Trog
 44986 | Spider:2 | Reached XP level 17. HP: 140/176 MP: 4/16
 45751 | Spider:2 | Reached skill level 24 in Axes
 47180 | Spider:3 | Noticed Donald
 47374 | Spider:3 | Killed Donald
 48300 | Spider:3 | Received a gift from Trog
 48590 | Spider:3 | Identified the ring "Fuoxt" {Fly Str+3}
 49562 | Spider:4 | Entered Level 4 of the Spider Nest
 52008 | Spider:4 | Received a gift from Trog
 54204 | Spider:4 | Got a gossamer rune of Zot
 54914 | Slime:1  | Entered Level 1 of the Pits of Slime
 54915 | Slime:1  | You fall into a shaft and drop 1 floor!
 54915 | Slime:2  | Noticed an acid blob
 54917 | Slime:2  | Noticed an acid blob
 54917 | Slime:2  | Noticed an acid blob
 54917 | Slime:2  | Gained mutation: You are frail. (-10% HP) [a shining eye]
 54923 | Slime:2  | Gained mutation: You occasionally shout uncontrollably at
                  | your foes. [a shining eye]
 54926 | Slime:2  | Demolished by an acid blob

Illustrated notes

Levels and vault maps discovered:
D:1:      dpeg_arrival_radiant, layout_basic, ebering_ecumenical_altar_hall
D:2:      layout_rooms, serial_shops, shop, minmay_misc_feat_room,
          hangedman_decor_opposing, uniq_robin
D:3:      layout_basic, nemelex_diamond_rough_becter, trog_three_pillars_becter,
          uniq_crazy_yiuf_cottage
D:4:      layout_rooms, ebering_ghost_inner_flame, uniq_duvessa
D:5:      layout_basic, ebering_ghost_reflecting_pool
D:6:      cheibrodos_barr_body, layout_loops_ring, serial_shops, shop_statue,
          kennysheep_pointless_box
D:7:      layout_rooms, minmay_temple_entry_glass, uniq_menkaure
D:8:      layout_basic, minmay_fire_ice_demons
D:9:      layout_rooms
D:10:     layout_irregular_city, grunt_lair_entry_orc_guard_hut,
          minmay_door_square
D:11:     layout_stronghold, david_orc_1_choice, dk_noncrumbling_3,
          nicolae_qazlal_style_of_elements, uniq_maurice
D:12:     layout_long_grid, serial_shops, shop_fountains
D:13:     layout_cave_pools, erik_vaults_2, gammafunk_ghost_spectres
D:14:     cheibrodos_histonic, layout_irregular_city
D:15:     grunt_enter_depths_magical_seal, layout_long_grid, minivault_25,
          nicolae_hepliaklqana_hippocampus, uniq_agnes
Lair:1:   layout_long_grid, lemuel_fruit_tree, uniq_nergalle,
          uniq_prince_ribbit2
Lair:2:   layout_loops_ring, spider_nest_entry_a, grunt_megastairs_3
Lair:3:   layout_misc_corridors
Lair:4:   layout_cave_pods, elwin_shoals_entry_rocks
Lair:5:   layout_gridlike, slime_altar_1, lemuel_old_faithful,
          serial_bayou_shore_b, grunt_megastairs_4, serial_bayou_shore_a
Lair:6:   evilmike_catoblepas_cave, layout_regular_city, portal_ice_cave_rime,
          infiniplex_staircase_pool_2
Spider:1: layout_spider_delve
Spider:2: nicolae_spider_hall_of_the_moth_king, special_room [special_room_bee]
Spider:3: layout_spider_delve, hangedman_spider_tarantella_strand, uniq_donald
Spider:4: guppyfry_spider_rune
Slime:1:  layout_caves
Slime:2:  layout_caves
Orc:1:    layout_caves, serial_shops, uniq_erolcha
Orc:2:    st_orc_open, layout_diamond_mine, basic_altar

Skill      XL: |  1  2  3  4  5  6  7  8  9 10 11 12 13 14 15 16 17 |
---------------+----------------------------------------------------+-----
Axes           | 4 5 6 7 10 13 17 18 19 20 22 23 24 | 24.0
Fighting       | 4 5 6 7 8 9 11 14 16 18 20 22 | 22.9
Dodging        | 3 4 5 6 7 8 9 11 13 | 13.0
Armour         | 6 9 12 14 16 17 18 19 | 19.3
Evocations     | 3 6 8 |  8.2
Throwing       | |  0.1

Action                   |  1- 3 |  4- 6 |  7- 9 | 10-12 | 13-15 | 16-18 || total
-------------------------+-------+-------+-------+-------+-------+-------++-------
Melee: Hand axe          |    61 |   110 |   141 |       |       |       ||   312
       Headbutt          |    14 |    21 |    54 |   107 |   170 |   141 ||   507
       War axe           |       |       |   117 |    56 |       |       ||   173
       Battleaxe         |       |       |       |   384 |   176 |       ||   560
       Executioner's axe |       |       |       |       |   474 |   629 ||  1103
Invok: Berserk           |     1 |     3 |     6 |    11 |     5 |     3 ||    29
       Trog's Hand       |       |     2 |     3 |     6 |     3 |       ||    14
       Brothers in Arms  |       |       |       |     1 |       |       ||     1
  Use: Scroll            |       |       |    10 |     7 |    12 |     3 ||    32
       Potion            |       |       |       |       |       |     4 ||     4
 Stab: Sleeping          |       |       |     1 |       |       |       ||     1
Armor: Animal skin       |    12 |    36 |    50 |       |       |       ||    98
       Scale mail        |       |       |     2 |    27 |       |       ||    29
       Plate armour      |       |       |       |   163 |   324 |   545 ||  1032
Dodge: Dodged            |    39 |    73 |   175 |   233 |   331 |   393 ||  1244

Table legend: (Time is in decaauts)
 A = Elapsed time spent in this place.
 B = Non-inter-level travel time spent in this place.
 C = Inter-level travel time spent in this place.
 D = Time resting spent in this place.
 E = Time spent auto-exploring this place.
 F = Levels seen in this place.
 G = Mean time per level.
                   A        B        C        D        E       F      G
               +--------+--------+--------+--------+--------+-----+--------+
         Total |  54868 |  51586 |   3282 |  27405 |  17652 |  31 | 1769.9 |
       Dungeon |  24874 |  22841 |   2033 |  10998 |   9221 |  15 | 1658.3 |
          Lair |   9586 |   9104 |    482 |   4070 |   3928 |   6 | 1597.7 |
   Spider Nest |  14475 |  13763 |    712 |   8865 |   3425 |   4 | 3618.8 |
    Slime Pits |     10 |     10 |      0 |      0 |      0 |   2 |    5.0 |
  Orcish Mines |   2738 |   2685 |     53 |   1395 |    724 |   2 | 1369.0 |
         Abyss |    569 |    569 |      0 |    371 |      0 |   1 |  569.0 |
      Ice Cave |   2615 |   2615 |      0 |   1704 |    354 |   1 | 2615.0 |
               +--------+--------+--------+--------+--------+-----+--------+

Top non-repeatable levels by time:
Spider:1: 4617 daAuts
Spider:3: 4615 daAuts
Spider:4: 3174 daAuts
    D:11: 2870 daAuts
    D:14: 2841 daAuts
   IceCv: 2615 daAuts
  Lair:5: 2409 daAuts
     D:6: 2250 daAuts
    D:12: 2140 daAuts
Spider:2: 2068 daAuts
  Lair:6: 2052 daAuts
     D:8: 1887 daAuts
     D:3: 1782 daAuts
  Lair:4: 1756 daAuts
     D:5: 1745 daAuts
